 Dungeon Crawl Stone Soup version 0.29.1-12-g30fa7ad0bf (webtiles) character file.

Game seed: 11184147216065673247

2679 javelincjr the Firebug (level 9, -2/61 HPs)
             Began as a Demonspawn Fire Elementalist on Jan 10, 2023.
             Was an Initiate of Vehumet.
             Killed from afar by an efreet (15 damage)
             ... with a fireball
             ... on level 8 of the Dungeon.
             The game lasted 00:43:37 (8515 turns).

javelincjr the Firebug (DsFE)                       Turns: 8515, Time: 00:43:39

Health: -2/61      AC: 17    Str:  9    XL:     9   Next: 37%
Magic:  19/20      EV: 12    Int: 21    God:    Vehumet [......]
Gold:   393        SH:  0    Dex: 13    Spells: 13/23 levels left

rFire   . . .      SeeInvis .   j - staff of earth
rCold   . . .      Faith    +   (no shield)
rNeg    . . .      Spirit   .   a - +0 robe
rPois   .          Reflect  .   y - +0 helmet
rElec   .          Harm     .   E - +0 cloak
rCorr   +          Rampage  .   t - +0 pair of gloves
Will    .....      Clarity  +   (no boots)
Stlth   ++........              C - amulet of faith
HPRegen 0.20/turn               (no ring)
MPRegen 0.17/turn               v - ring of resist corrosion

@: sanguine armoured
A: foul stench 1, spiny 2, sanguine armour 3, weakness stinger 1, clarity
a: Renounce Religion


You were on level 8 of the Dungeon.
You worshipped Vehumet.
Vehumet was noncommittal.
You visited 2 branches of the dungeon, and saw 9 of its levels.

You collected 393 gold pieces.

Inventory:

Hand Weapons
 h - a +1 dagger
Missiles
 d - 2 javelins
 l - a curare-tipped dart
Armour
 a - a +0 robe (worn)
 g - a +0 pair of gloves
 s - the +1 ring mail of Honug {Dex+3}
   (You found it on level 7 of the Dungeon)

   Dex:       It affects your dexterity (+3).
 t - a +0 pair of gloves (worn)
 y - a +0 helmet (worn)
 E - a +0 cloak (worn)
Magical Staves
 j - a staff of earth (weapon)
 x - a staff of death
Jewellery
 v - a ring of resist corrosion (right hand)
 C - an amulet of faith (around neck)
 G - the ring of Ignis's Esteem {AC+4 Dex+6 Slay-4 Stlth+}
   (You found it on level 7 of the Dungeon)

   [ring of protection]

   AC:        It affects your AC (+4).
   Dex:       It affects your dexterity (+6).
   Slay:      It affects your accuracy & damage with ranged weapons and melee
   (-4).
   Stlth:     It makes you more stealthy.
Wands
 p - a wand of flame (17)
 w - a wand of mindburst (28)
 D - a wand of charming (15)
 F - a wand of light (6)
Scrolls
 u - a scroll of fog
 B - a scroll of enchant weapon
Potions
 b - a potion of magic
 c - 3 potions of brilliance
 e - a potion of degeneration
 f - 3 potions of curing
 i - 2 potions of lignification
 k - a potion of mutation
 m - 2 potions of heal wounds
 n - 2 potions of attraction {unknown}
 o - a potion of resistance {unknown}
 q - 3 potions of flight {unknown}
 r - 2 potions of ambrosia {unknown}
 A - a potion of berserk rage {unknown}


   Skills:
 + Level 1.8 Fighting
 + Level 1.8 Staves
 + Level 3.0 Dodging
 + Level 3.8 Stealth
 + Level 7.5 Spellcasting
 + Level 3.7 Conjurations
 + Level 7.5 Fire Magic


You had 13 spell levels left.
You knew the following spells:

 Your Spells              Type           Power      Damage    Failure   Level
a - Foxfire               Conj/Fire      100%       2x1d9     1%          1
b - Scorch                Fire           78%        2d8       1%          2
c - Conjure Flame         Conj/Fire      31%        6-21      2%          3
d - Flame Wave            Conj/Fire      31%        2d9       9%          4

Your spell library contained the following spells:

 Spells                   Type           Power      Damage    Failure   Level
 Inner Flame              Hex/Fire       23%        N/A       5%          3
 Gell's Gravitas          Tloc           7%         N/A       26%         3
 Lesser Beckoning         Tloc           7%         N/A       26%         3
 Summon Guardian Golem    Hex/Summ       7%         N/A       26%         3
 Teleport Other           Tloc           7%         N/A       26%         3
 Orb of Destruction       Conj           11%        9d6       100%        7
 Spellforged Servitor     Conj/Summ      7%         N/A       100%        7


Dungeon Overview and Level Annotations

Branches:
Dungeon (8/15)             Temple (1/1) D:7
   Lair: D:8-11

Altars:
Ashenzari
Cheibriados
Dithmenos
Fedhas
Hepliaklqana
Kikubaaqudgha
Makhleb
Nemelex Xobeh
Okawaru
Qazlal
Ru
Sif Muna
Trog
Uskayaw
Vehumet
Wu Jian
Xom
Yredelemnul

Shops:
D:8 (


Innate Abilities, Weirdness & Mutations

You may rarely emit foul miasma when damaged in melee.
You are mostly covered in sharp spines.
When seriously injured, your blood forms very thick armour. (AC +12)
You have a small tail.
You possess an exceptional clarity of mind.


Message History

Confirm with . or Enter, or press ? or * to list all spells.
Flames lash the efreet.
The efreet completely resists.
The efreet gestures at you. The bolt of fire hits you!
* * * LOW HITPOINT WARNING * * *
You feel much better.
You hit the efreet but do no damage.
The efreet is lightly wounded.
The efreet barely misses you.
You hit the efreet but do no damage.
The efreet is lightly wounded.
Really walk into that cloud of flame?
Okay, then.
The efreet is no longer blind.
The efreet gestures at you. The bolt of fire hits you.
You hit the efreet but do no damage.
The efreet is lightly wounded.
The efreet gestures at you. The bolt of fire misses you.
You hit the efreet but do no damage.
The efreet is lightly wounded.
The efreet barely misses you.
You barely miss the efreet.
You tail-slap the efreet, but do no damage.
The efreet is lightly wounded.
The efreet gestures at you.
The fireball explodes!
The fireball engulfs you but does no damage.
The fireball engulfs the efreet.
The efreet completely resists.
You hear an angry buzzing noise. x3; You hear a shout!
You hear an angry buzzing noise.
You hear a shout!
You barely miss the efreet.
The efreet is lightly wounded.
The efreet gestures at you. The bolt of fire hits you!!
* * * LOW HITPOINT WARNING * * *
The efreet gestures at you.
The fireball explodes!
The fireball engulfs you!
You die...

##.##......#...#.
#...######.###.#. #.♣.#
#.# #.#. #...# #.# #.#.
##.## #.# #.#. . #.#
#.###.#. oh ##### ##.##
#####...... S.
###...###...###...####.##
..
#.☼.♣.eR@._.....♣.......#
#.
#.#...###...###...#.÷#..#
####..##.#####
##.##.######.#..#
°..R.....#
#.#.........#..#
.○☼Y.....#
##.##...##.###..#
##....##... #...#......#
#... #.... ###.#
#.♣.#....#.####.# #..#
... #...#....#....... #..
### ##.#######.......


You could see a deep elf pyromancer and an efreet.

Vanquished Creatures
  Grinder (D:6)
  A wyvern (D:8)
  A steam dragon (D:7)
  A water moccasin (D:7)
  An ice beast (D:5)
  2 sky beasts
  3 ogres
  2 black bears (D:4)
  A centaur (D:6)
  3 bullfrogs
  A kobold brigand (D:7)
  2 necrophages
  2 scorpions
  A wight (D:7)
  2 orc priests
  4 hounds
  3 jellies
  A scorpion zombie (D:4)
  Jessica (D:3)
  A gnoll bouda (D:7)
  2 iguanas
  3 orc wizards
  A hound zombie (D:4)
  5 gnolls (D:7)
  14 adders
  4 ufetubi
  An adder zombie (D:4)
  A dart slug (D:2)
  10 orcs
  6 ball pythons
  6 bats
  9 endoplasms
  4 hobgoblins
  4 jackals
  5 kobolds
  4 quokkas
  5 frilled lizards
  6 goblins
  A jackal zombie (D:4)
  3 rats
128 creatures vanquished.

Vanquished Creatures (collateral kills)
  2 foxfires (D:1)
2 creatures vanquished.

Vanquished Creatures (others)
  An adder (D:5)
  268 foxfires
269 creatures vanquished.

Grand Total: 399 creatures vanquished

Notes
Turn   | Place    | Note
-------+----------+-------------------------------------------
     0 | D:1      | javelincjr the Demonspawn Fire Elementalist began the quest
                  | for the Orb.
     0 | D:1      | Reached XP level 1. HP: 13/13 MP: 3/3
   133 | D:1      | Found a faded altar of an unknown god.
   480 | D:1      | Gained mutation: You may rarely emit foul miasma when
                  | damaged in melee. [demonic ancestry]
   480 | D:1      | Reached XP level 2. HP: 19/19 MP: 0/5
  1312 | D:2      | Learned a level 2 spell: Scorch
  1829 | D:2      | Gained mutation: You are partially covered in sharp spines.
                  | [demonic ancestry]
  1829 | D:2      | Reached XP level 3. HP: 24/24 MP: 4/6
  2446 | D:3      | Noticed Jessica
  2455 | D:3      | Killed Jessica
  2456 | D:3      | Gained mutation: You have a small tail. [demonic ancestry]
  2456 | D:3      | Reached XP level 4. HP: 13/30 MP: 1/8
  2705 | D:3      | Found a burning altar of Makhleb.
  3035 | D:4      | Noticed a black bear
  3043 | D:4      | Killed a black bear
  3044 | D:4      | Gained mutation: When seriously injured, your blood forms
                  | armour. (AC +12) [demonic ancestry]
  3044 | D:4      | Reached XP level 5. HP: 35/35 MP: 4/10
  3191 | D:4      | Noticed an ogre
  3202 | D:4      | Killed an ogre
  3203 | D:4      | Reached XP level 6. HP: 40/41 MP: 4/11
  3396 | D:4      | Learned a level 3 spell: Conjure Flame
  3947 | D:4      | Found a basalt altar of Yredelemnul.
  4276 | D:4      | Reached skill level 1 in Staves
  4419 | D:5      | Entered Level 5 of the Dungeon
  4458 | D:5      | Gained mutation: When seriously injured, your blood forms
                  | thick armour. (AC +12) [demonic ancestry]
  4458 | D:5      | Reached XP level 7. HP: 47/47 MP: 8/13
  4532 | D:5      | Reached skill level 5 in Fire Magic
  5074 | D:5      | Reached skill level 1 in Fighting
  5200 | D:5      | Found an ancient bone altar of Kikubaaqudgha.
  5309 | D:5      | Reached skill level 5 in Spellcasting
  5616 | D:6      | Gained mutation: You are mostly covered in sharp spines.
                  | [demonic ancestry]
  5616 | D:6      | Reached XP level 8. HP: 54/54 MP: 10/16
  5631 | D:6      | Noticed Grinder
  5662 | D:6      | Paralysed by Grinder for 2 turns
  5780 | D:6      | Found a shadowy altar of Dithmenos.
  6160 | D:6      | Paralysed by Grinder for 4 turns
  6167 | D:6      | Killed Grinder
  6568 | D:7      | Identified the ring of Ignis's Esteem {AC+4 Dex+6 Slay-4
                  | Stlth+}
  6595 | D:7      | Found a staircase to the Ecumenical Temple.
  6653 | Temple   | Entered the Ecumenical Temple
  6825 | Temple   | Became a worshipper of Vehumet
  6843 | Temple   | Gained mutation: You possess an exceptional clarity of
                  | mind. [potion of mutation]
  7180 | D:7      | Gained mutation: When seriously injured, your blood forms
                  | very thick armour. (AC +12) [demonic ancestry]
  7180 | D:7      | Reached XP level 9. HP: 59/59 MP: 13/19
  7249 | D:7      | Learned a level 4 spell: Flame Wave
  7431 | D:7      | Identified the +1 ring mail of Honug {Dex+3}
  7561 | D:7      | Found an iron altar of Okawaru.
  7942 | D:7      | Found a hazy altar of Hepliaklqana.
  8061 | D:8      | Found a hide-covered altar of Uskayaw.
  8321 | D:8      | Found a broken altar of Ashenzari.
  8368 | D:8      | Found Caha Ivo's Antique Weapon Shoppe.
  8490 | D:8      | Noticed a deep elf pyromancer
  8490 | D:8      | Noticed an efreet
  8515 | D:8      | Killed from afar by an efreet

Illustrated notes

Levels and vault maps discovered:
D:1:      saegor_arrival_simple_e, layout_basic,
          hellmonk_ecumenical_altar_run_dry, serial_bayou_lake_a
D:2:      layout_basic
D:3:      layout_rooms, tso_oasis_becter, marbit_many_paths, uniq_jessica
D:4:      layout_cave_pods, nicolae_yredelemnul_corpse_copse,
          grunt_ministairs_2, hangedman_decor_clover_reticule,
          corexii_item_surrounded_by_moat, minmay_snake_closets
D:5:      layout_gridville, kennysheep_mini, grunt_decor_clamped,
          grunt_decor_junction, minmay_misc_feat_alley, lemuel_flamethrower_2
D:6:      layout_basic, nicolae_dithmenos_shadow_blocks, uniq_grinder
D:7:      kennysheep_spiral_hall, layout_cave_pools,
          mainiacjoe_overflow_alcove_4, nicolae_hepliaklqana_hazy_memory,
          st_stairs_12
D:8:      minmay_bloctagon, layout_basic, mainiacjoe_overflow_paths,
          elyvilon_altar_1, nicolae_uskayaw_suspiria, serial_shops,
          nicolae_shop_behind_doors, uniq_prince_ribbit1
Temple:   chequers_temple_sunken

Skill      XL: |  1  2  3  4  5  6  7  8  9 |
---------------+----------------------------+-----
Fire Magic     | 3 4 5 7 |  7.5
Stealth        | 2 3 |  3.8
Dodging        | 2 3 |  3.0
Spellcasting   | 3 4 5 6 7 |  7.5
Conjurations   | 2 3 |  3.7
Staves         | 1 |  1.8
Fighting       | 1 |  1.8

Action                   |  1- 3 |  4- 6 |  7- 9 || total
-------------------------+-------+-------+-------++-------
Melee: Unarmed           |     5 |       |       ||     5
       Staff             |     7 |    17 |    43 ||    67
       Dagger            |     1 |       |       ||     1
       Tailslap          |       |     7 |     6 ||    13
 Cast: Foxfire           |    48 |    47 |    64 ||   159
       Scorch            |     7 |    15 |    50 ||    72
       Flame Wave        |       |       |     2 ||     2
Evoke: Wand              |       |       |     1 ||     1
  Use: Scroll            |     3 |       |    11 ||    14
       Potion            |       |       |     2 ||     2
 Stab: Sleeping          |       |       |     1 ||     1
Armor: Robe              |     2 |    11 |    18 ||    31
Dodge: Dodged            |    14 |    18 |    39 ||    71
